[Event "Early-Titled-Tuesday-Blitz-April-23-2024"]
[Site "Chess.com"]
[Date "2024.04.23"]
[Round "8"]
[White "Alexchess1984"]
[Black "Aradhya2000"]
[Result "0-1"]
[WhiteElo "2666"]
[BlackElo "2850"]
[TimeControl "180+1"]
[EndTime "9:32:05 PDT"]
[Termination "Aradhya2000 won on time"]

1. e4 e5 2. d4 exd4 3. Qxd4 Nc6 4. Qe3 Nf6 5. Nc3 Bb4 6. Bd2 O-O 7. O-O-O Re8 8. Bc4 Na5 9. Be2 d5 10. Nxd5 Nxd5 11.
Qd3 Qf6 12. Qxd5 Ba3 13. c3 Re5 14. Qd3 Bf8 15. Nf3 Re8 16. e5 Qg6 17. Qxg6 hxg6 18. Rhe1 Be6 19. b3 c5 20. h3 c4 21. b4 Nc6 22.
Kb2 b5 23. Bf4 a5 24. a3 Ra7 25. Nd4 Nxd4 26. Rxd4 axb4 27. cxb4 Rea8 28. Bf3 Bxb4 29. Bxa8 Bxe1 30. Bc6 b4 31. Rd8+ Kh7 32. axb4 c3+ 33. Kc1 Ra1+ 34. Kc2 Bf5+ 35. Kb3 c2 36. g4 Rb1+ 37. Ka3 Be6 38. b5 Rb3+ 39. Ka4 Rb4+ 40. Ka3 Rxf4 0-1

[Event "Early-Titled-Tuesday-Blitz-April-23-2024"]
[Site "Chess.com"]
[Date "2024.04.23"]
[Round "8"]
[White "Shahdad2007"]
[Black "Flaccidmoves"]
[Result "1-0"]
[WhiteElo "2602"]
[BlackElo "2451"]
[TimeControl "180+1"]
[EndTime "9:32:06 PDT"]
[Termination "Shahdad2007 won on time"]

1. Nf3 Nf6 2. c4 b6 3. g3 Bb7 4.
Bg2 e6 5. O-O Be7 6. d4 O-O 7.
Nc3 d5 8. Ne5 Nbd7 9. Qa4 Nxe5 10. dxe5 Ne4 11. Nxe4 dxe4 12. Rd1 Qe8 13. Qc2 Qc6 14.
Rd4 Qc5 15. Rd7 Rfe8 16. Be3 Qxe5 17. Bd4 Qf5 18. Rxc7 Rad8 19. Be3 Ba8 20. Rxa7 Bf6 21. Bxb6 Rb8 22. Rxa8 Rxa8 23. Bxe4 Qe5 24. Bxa8 Rxa8 25. a4 Qxb2 26. Qxb2 Bxb2 27. Ra2 Be5 28. a5 Kf8 29. a6 Ke8 30. a7 Kd7 31. e4 Kc6 32. Be3 Kb7 33.
Kf1 Bc7 34. Ke2 f5 35. exf5 exf5 36. Kf3 g6 37. h4 Kc6 38. Ra6+ Kb7 39. Rf6 Rc8 40. Rf7 Ka8 41. Rxh7 Be5 42. Re7 Bd6 43. Re6 Bc5 44. Bxc5 Rxc5 45. Rxg6 Kxa7 46. Rf6 Kb7 47. h5 Kc7 48. h6 Kd7 49. Rf8 1-0

[Event "Early-Titled-Tuesday-Blitz-April-23-2024"]
[Site "Chess.com"]
[Date "2024.04.23"]
[Round "8"]
[White "balack95"]
[Black "mertfelin"]
[Result "0-1"]
[WhiteElo "2422"]
[BlackElo "2279"]
[TimeControl "180+1"]
[EndTime "9:32:07 PDT"]
[Termination "mertfelin won by resignation"]

1. d4 d5 2. c4 e6 3. Nc3 Be7 4. cxd5 exd5 5. Bf4 c6 6. e3 Bf5 7. Qb3 Qb6 8. Qxb6 axb6 9. Nf3 b5 10. Kd2 Nd7 11.
Bd3 Bxd3 12. Kxd3 Ngf6 13. b3 O-O 14. h3 Rfe8 15. Ne5 Nxe5+ 16. Bxe5 Nd7 17. Bg3 Bb4 18. a4 bxa4 19. bxa4 b6 20. Rhb1 Ba5 21. Rc1 Rac8 22. Ne2 c5 23. dxc5 bxc5 24. Nf4 Nf6 25. f3 g5 26. Ne2 c4+ 27. Kc2 Rxe3 28. Nd4 Rc3+ 29.
Kb2 Rd3 30. Rd1 Bc3+ 31. Kc2 Bxa1 32. Rxa1 Rxd4 33. Be5 Rf4 34. a5 d4 35. a6 d3+ 36.
Kd2 Nd5 37. a7 Ra8 38. Rb1 c3+ 39. Bxc3 Rc4 40. Rb8+ Rc8 41. Be5 f6 42. Bd6 Nf4 43.
Rxc8+ Rxc8 44. Bb8 Rc2+ 45. Ke3 d2 46. a8=Q d1=Q 47.
Bxf4+ Kf7 48. Qb7+ Kg6 49. Qe4+ Kh6 50. Bxg5+ Kxg5 51.
h4+ Kh6 52. Qf4+ Kg7 53. Qg4+ Kh8 54. Kf4 Rc4+ 55. Kf5 Rxg4 56. g3 Qxf3+ 57. Ke6 Qxg3 58. Kf7 f5 0-1

[Event "Early-Titled-Tuesday-Blitz-April-23-2024"]
[Site "Chess.com"]
[Date "2024.04.23"]
[Round "8"]
[White "Tagir45"]
[Black "LionelMessiFCB"]
[Result "1-0"]
[WhiteElo "2660"]
[BlackElo "2478"]
[TimeControl "180+1"]
[EndTime "9:32:08 PDT"]
[Termination "Tagir45 won by resignation"]

1. d4 d5 2. Nf3 Nf6 3. c4 dxc4 4. e3 e6 5. Bxc4 c5 6. O-O a6 7. b3 b5 8. Be2 Bb7 9. Bb2 Nbd7 10. a4 Qb6 11. axb5 axb5 12. Rxa8+ Bxa8 13. Na3 Bc6 14. Qd3 b4 15. Nc4 Qb8 16. Nfe5 Be4 17. Nxd7 Bxd3 18.
Nxb8 Bxe2 19. Ra1 Bxc4 20. bxc4 Bd6 21. Na6 cxd4 22. exd4 O-O 23. c5 Bf4 24. Nxb4 Rb8 25. Nc6 Rxb2 26. Ra8+ Bb8 27. Rxb8+ Rxb8 28. Nxb8 Kf8 29.
Kf1 Ke7 30. Ke2 Nd5 31. g3 Kd8 32. Nc6+ Kc7 33. Ne5 f6 34. Nd3 Kc6 35. Nf4 e5 36. Ne6 exd4 37. Kd3 g6 38. Kxd4 Nb4 39. Kc4 Nc2 40.
Nd4+ Nxd4 41. Kxd4 f5 42. f4 1-0

[Event "Early-Titled-Tuesday-Blitz-April-23-2024"]
[Site "Chess.com"]
[Date "2024.04.23"]
[Round "8"]
[White "ChessBliss09"]
[Black "EliteChess0967"]
[Result "0-1"]
[WhiteElo "2236"]
[BlackElo "2434"]
[TimeControl "180+1"]
[EndTime "9:32:09 PDT"]
[Termination "EliteChess0967 won on time"]

1. c4 c5 2. Nc3 Nc6 3. Nf3 g6 4.
d4 cxd4 5. Nxd4 Bg7 6. Nxc6 bxc6 7. g3 e6 8. e4 Ne7 9. Bg2 O-O 10. O-O d6 11. Qd3 Qc7 12. b3 e5 13. Bb2 Be6 14.
Rad1 Rfd8 15. Ba3 Nc8 16. c5 Bf8 17. cxd6 Nxd6 18. Qe3 Qa5 19. Na4 Nc4 20. bxc4 Qxa4 21. Bxf8 Rxf8 22. Qc5 Bxc4 23. Rfe1 Qb5 24. Qe3 Be6 25.
Rb1 Qa4 26. Rec1 Qxa2 27. Qc5 Rab8 28. Rxb8 Rxb8 29. Qxe5 Rb1 30. Rf1 Rxf1+ 31. Bxf1 Qb3 32. Qd6 Qb6 33. h4 c5 34. Qe5 c4 35. h5 gxh5 36. Qxh5 Qd4 37. Qg5+ Kh8 38. Qf4 c3 39. Qb8+ Kg7 40. e5 c2 41. Qc7 Qb2 42. Qe7 Qxe5 0-1

[Event "Early-Titled-Tuesday-Blitz-April-23-2024"]
[Site "Chess.com"]
[Date "2024.04.23"]
[Round "8"]
[White "AryanTari"]
[Black "Polish_fighter3000"]
[Result "0-1"]
[WhiteElo "2951"]
[BlackElo "3109"]
[TimeControl "180+1"]
[EndTime "9:32:10 PDT"]
[Termination "Polish_fighter3000 won on time"]

1. e4 d6 2. d4 Nf6 3. Nc3 g6 4. Nf3 Bg7 5. Be2 O-O 6. O-O c6 7.
a4 Qc7 8. h3 e5 9. dxe5 dxe5 10.
Bc4 Nbd7 11. Be3 b6 12. Qd2 a6 13. Bh6 Rb8 14. Bxg7 Kxg7 15. b4 b5 16. axb5 cxb5 17. Bb3 Rb6 18. Qe3 Rc6 19. Nd5 Nxd5 20. exd5 Rc3 21. Qe1 Bb7 22. d6 Qc8 23. Nxe5 Re8 24. f4 f6 25. Qh4 Re3 26. Ng4 Re2 27. Rf2 h5 28. Nh2 Qc3 29. Raf1 Qxb4 30. Nf3 Qc5 31. f5 Bxf3 32. gxf3 Rxf2 33. Qxf2 Qxf5 34. Qa7 Qxh3 35.
Bd5 Qg3+ 36. Kh1 Re2 37. Qxd7+ Kh6 0-1

[Event "Early-Titled-Tuesday-Blitz-April-23-2024"]
[Site "Chess.com"]
[Date "2024.04.23"]
[Round "8"]
[White "DarZay"]
[Black "LeoLV10"]
[Result "1-0"]
[WhiteElo "2331"]
[BlackElo "2488"]
[TimeControl "180+1"]
[EndTime "9:32:10 PDT"]
[Termination "DarZay won by resignation"]

1. e4 c5 2. Nf3 d6 3. d4 cxd4 4.
Nxd4 Nf6 5. Nc3 Nc6 6. Nxc6 bxc6 7. Bd3 g6 8. O-O Bg7 9. f4 O-O 10. Be3 Bb7 11. f5 c5 12. Qf3 Rc8 13. fxg6 hxg6 14. Bc4 e6 15. Bg5 d5 16. exd5 exd5 17. Nxd5 Bxd5 18. Bxd5 Qxd5 19. Bxf6 Qd6 20. Bxg7 Kxg7 21.
Rad1 Qb6 22. Qc3+ Kg8 23. Rf6 Qb4 24. Qe5 Rce8 25. Qd5 Re1+ 26. Rf1 Re2 27. c3 Qxb2 28. Rd3 c4 29. Rg3 Qb6+ 30. Kh1 Kg7 31. Qxc4 Rd2 32. Qf4 Qe6 33. Qxd2 Re8 34. Qd4+ Kg8 35. Rh3 f6 36. Rhf3 f5 37. Rh3 Rf8 38. Qh8+ Kf7 39. Rh7+ Ke8 40.
Qg7 Rg8 41. Qxa7 Kf8 42. Qb8+ Qe8 43. Qxe8+ Kxe8 44. Rb1 Rg7 45. Rxg7 1-0

[Event "Early-Titled-Tuesday-Blitz-April-23-2024"]
[Site "Chess.com"]
[Date "2024.04.23"]
[Round "8"]
[White "BenchGM"]
[Black "shirovin"]
[Result "1/2-1/2"]
[WhiteElo "2242"]
[BlackElo "2057"]
[TimeControl "180+1"]
[EndTime "9:32:10 PDT"]
[Termination "Game drawn by repetition"]

1. e4 Nf6 2. e5 Nd5 3. d4 d6 4. c4 Nb6 5. f4 dxe5 6. fxe5 Bf5 7. Nc3 e6 8. Nf3 Nc6 9. Be3 Bb4 10. Qb3 a5 11. a4 O-O 12. O-O-O Qe8 13. h3 Ne7 14. g4 Bg6 15. h4 Bxc3 16. bxc3 Qxa4 17. Qxa4 Nxa4 18. Kd2 Be4 19. Rh3 Rfd8 20. Ng5 Bc6 21. Bd3 h6 22. Ne4 Nb6 23. Nc5 a4 24. g5 Nf5 25.
gxh6 Nxh6 26. Rg1 Kf8 27. Rhg3 Nf5 28. Bxf5 exf5 29. Rxg7 Nxc4+ 30. Kd3 Nxe5+ 31. Kc2 Ng4 32. Bh6 Nxh6 33. Rh7 Ng4 34. Rf1 Bd7 35. Ne4 fxe4 36. Rfxf7+ Ke8 37. Re7+ Kf8 38. Ref7+ Ke8 39. Rfg7 Kf8 40.
Rf7+ 1/2-1/2

[Event "Early-Titled-Tuesday-Blitz-April-23-2024"]
[Site "Chess.com"]
[Date "2024.04.23"]
[Round "8"]
[White "Kotofeyca"]
[Black "yobdc"]
[Result "1-0"]
[WhiteElo "2508"]
[BlackElo "2600"]
[TimeControl "180+1"]
[EndTime "9:32:11 PDT"]
[Termination "Kotofeyca won on time"]

1. d4 Nf6 2. c4 g6 3. f3 Bg7 4.
e4 d6 5. Nc3 O-O 6. Be3 c5 7.
dxc5 dxc5 8. Qxd8 Rxd8 9. Bxc5 Nc6 10. Nd5 Nd7 11. Nxe7+ Nxe7 12. Bxe7 Re8 13. Ba3 Ne5 14. O-O-O Be6 15. b3 b5 16. cxb5 Rac8+ 17. Kb1 f5 18. Nh3 fxe4 19. Ng5 exf3 20. Nxe6 Rxe6 21. gxf3 Rf6 22.
Bb2 Rxf3 23. Re1 Ng4 24. Bc4+ Kh8 25. Bxg7+ Kxg7 26. Re7+ Kh6 27. Rxa7 Rf2 28. b6 Ne3 29. b7 Rb8 30. Ba6 Nd5 31. Rc1 Nb4 32. Bb5 Rf7 33. Rc4 Nd5 34. Bc6 Ne3 35. Rc3 Nf5 36. Ra8 Rff8 37. Rxb8 Rxb8 38. Bh1 Nd6 39. Rc7 g5 40. a4 g4 41. a5 Kg6 42. a6 Nb5 43. Rc8 1-0

[Event "Early-Titled-Tuesday-Blitz-April-23-2024"]
[Site "Chess.com"]
[Date "2024.04.23"]
[Round "8"]
[White "kuli4ik"]
[Black "IwkooO"]
[Result "0-1"]
[WhiteElo "2867"]
[BlackElo "2720"]
[TimeControl "180+1"]
[EndTime "9:32:12 PDT"]
[Termination "IwkooO won on time"]

1. Nf3 Nf6 2. g3 b6 3. Bg2 Bb7 4. O-O c5 5. d3 e6 6. e4 d6 7. a4 a6 8. Re1 Be7 9. Na3 O-O 10. Bd2 Qc7 11. e5 dxe5 12. Nxe5 Bxg2 13. Kxg2 Nc6 14. Nxc6 Qxc6+ 15. Qf3 Qxa4 16. Qb7 Qd7 17. Qxd7 Nxd7 18. Nc4 b5 19. Na5 Rfc8 20. g4 Bf6 21. Ra2 h6 22. Kg3 Ne5 23. h4 Nc6 24. g5 hxg5 25. hxg5 Nxa5 26. gxf6 Nc6 27. fxg7 Kxg7 28. Rea1 Nd4 29. Bc3 Rc6 30. b3 f6 31.
Kg2 e5 32. Kf1 Kf7 33. Ke1 Ne6 34. Ra5 Nc7 35. Ke2 Rh8 36. Rg1 Rh3 37. Raa1 c4 38. bxc4 bxc4 39. Bd2 Nb5 40. Be3 cxd3+ 41. cxd3 f5 42. Rgc1 Rxc1 43. Rxc1 f4 44. Bb6 Rh6 45.
Ba5 Nd4+ 46. Kf1 f3 47. Rc7+ Ke6 48. Ke1 Rh1+ 49. Kd2 Nb3+ 50. Ke3 Nxa5 51. Ra7 Nb3 52. Rxa6+ Kf5 53. Kxf3 Nd4+ 54. Kg2 Rd1 55. Ra3 Nc2 56. Rc3 Nb4 0-1

[Event "Early-Titled-Tuesday-Blitz-April-23-2024"]
[Site "Chess.com"]
[Date "2024.04.23"]
[Round "8"]
[White "Sofia_Blokhin"]
[Black "zverr1"]
[Result "1-0"]
[WhiteElo "2281"]
[BlackElo "2471"]
[TimeControl "180+1"]
[EndTime "9:32:12 PDT"]
[Termination "Sofia_Blokhin won by checkmate"]

1. d4 d5 2. c4 dxc4 3. Nf3 Nf6 4. e3 e6 5. Bxc4 c5 6. O-O a6 7.
a4 Be7 8. Nc3 O-O 9. Re1 b6 10. b3 Bb7 11. Bd3 Nc6 12. Ne2 cxd4 13. Nexd4 Nxd4 14. Nxd4 Qd5 15. f3 Bb4 16. Bd2 Bxd2 17.
Qxd2 Rfd8 18. Bc4 Qg5 19. Qf2 e5 20. Nc2 b5 21. axb5 axb5 22. Bxb5 e4 23. Rxa8 Bxa8 24. Nd4 Rxd4 25. exd4 Qxb5 26. fxe4 Nxe4 27. Qc2 Qe8 28.
Qc4 Kh8 29. d5 f5 30. d6 Qd8 31. Qe6 h6 32. d7 Nc5 33. Qe8+ Kh7 34. Qxd8 Be4 35.
Rxe4 fxe4 36. Qe7 Nxb3 37. d8=Q Nc1 38. Qdd7 Kg6 39. Qxg7+ Kh5 40. Qdg4# 1-0

[Event "Early-Titled-Tuesday-Blitz-April-23-2024"]
[Site "Chess.com"]
[Date "2024.04.23"]
[Round "8"]
[White "DrVelja"]
[Black "jakopogi"]
[Result "1-0"]
[WhiteElo "2991"]
[BlackElo "2796"]
[TimeControl "180+1"]
[EndTime "9:32:14 PDT"]
[Termination "DrVelja won by checkmate"]

1. e4 e5 2. Nf3 Nc6 3. Bb5 a6 4. Ba4 Nf6 5. O-O b5 6. Bb3 Bc5 7. a4 Bb7 8. d3 h6 9. Be3 d6 10. Bxc5 dxc5 11. Nc3 b4 12. Nb1 O-O 13. Nbd2 Re8 14.
a5 Nd4 15. Bc4 Bc8 16. Nxd4 cxd4 17. h3 Qd6 18. Qe2 Bd7 19. Rae1 g5 20. Bb3 Kg7 21.
Nc4 Qc5 22. h4 Bg4 23. Qd2 Kg6 24. f3 Be6 25. g3 Bxc4 26. Bxc4 Nh5 27. Qh2 Rg8 28.
hxg5 hxg5 29. Bxf7+ Kxf7 30. Qxh5+ Rg6 31. Qh7+ Rg7 32.
Qf5+ Ke7 33. Re2 Rf8 34. Qg4 Rff7 35. Rh2 b3 36. cxb3 Qb5 37. Rc1 Qxd3 38. Rxc7+ Kd6 39. Rxf7 Qd1+ 40. Kg2 Qe2+ 41. Kg1 Qe1+ 42. Kg2 Rxf7 43. Qc8 Qe2+ 44. Kg1 Qe3+ 45. Rf2 Rxf3 46. Qd8+ Kc6 47. Qc8+ Kb5 48. Qc4+ Kxa5 49. Qc5# 1-0

[Event "Early-Titled-Tuesday-Blitz-April-23-2024"]
[Site "Chess.com"]
[Date "2024.04.23"]
[Round "8"]
[White "Crazy_girl99"]
[Black "UK_23"]
[Result "1-0"]
[WhiteElo "2614"]
[BlackElo "2490"]
[TimeControl "180+1"]
[EndTime "9:32:15 PDT"]
[Termination "Crazy_girl99 won by resignation"]

1. Nf3 Nf6 2. g3 c5 3. Bg2 Nc6 4. O-O e5 5. d3 d5 6. Nbd2 Be7 7. c4 d4 8. a3 a5 9. Nh4 g5 10.
Nhf3 Nd7 11. e3 h5 12. exd4 cxd4 13. Qe2 g4 14. Ne1 Qc7 15. f3 Nc5 16. Rb1 a4 17. f4 f6 18. fxe5 fxe5 19. Ne4 Nxe4 20. Qxe4 Be6 21. Qg6+ Kd7 22. Bd5 Qd6 23. Qe4 Raf8 24.
Rxf8 Rxf8 25. Bd2 h4 26. Nc2 hxg3 27. hxg3 Rf3 28. Kg2 Bf5 29. Qe1 Bxd3 30. Nb4 Bxb1 31. Qxb1 Qf6 32. Qe1 Nxb4 33. axb4 Bd6 34. c5 Bc7 35.
Be4 Qh8 36. Bxf3 Qh3+ 37. Kf2 gxf3 38. Kxf3 e4+ 39. Kxe4 Qe6+ 40. Kxd4 Qf6+ 41. Kd3 Qf5+ 42. Qe4 Qf1+ 43. Kc2 Qf7 44. Qd3+ Kc8 45. b5 Qa2 46. c6 bxc6 47. bxc6 Kb8 48. Qb5+ Kc8 49. Qb7+ Kd8 50. Bg5+ Ke8 51. Qc8+ 1-0

[Event "Early-Titled-Tuesday-Blitz-April-23-2024"]
[Site "Chess.com"]
[Date "2024.04.23"]
[Round "8"]
[White "duone"]
[Black "vladgoncharov"]
[Result "0-1"]
[WhiteElo "2446"]
[BlackElo "2592"]
[TimeControl "180+1"]
[EndTime "9:32:15 PDT"]
[Termination "vladgoncharov won by resignation"]

1. e4 e6 2. d4 d5 3. Nc3 Nf6 4. Bg5 Be7 5. e5 Nfd7 6. Bxe7 Qxe7 7. Qg4 O-O 8. Nf3 a6 9. Bd3 f5 10. Qg5 Qb4 11. O-O-O c5 12. a3 Qa5 13. Nxd5 exd5 14. Bxf5 Rxf5 15. Qxf5 Qd8 16. Ng5 Nf8 17. Qf7+ Kh8 18.
h4 Nc6 19. Qh5 Qe7 20. Nf7+ Kg8 21. Nd6 Nxd4 22. c3 g6 23. Qh6 Nf5 24. Nxf5 Bxf5 25. Rxd5 Be4 26. Rd6 Qxe5 27. Rhd1 Bf5 28. f3 Re8 29. g4 Be6 30. Rd8 Bf7 31. Rxe8 Qxe8 32. Qf4 Qe2 33. Rd2 Qe1+ 34. Rd1 Qxh4 35. Rd8 Qe1+ 36.
Rd1 Qe6 37. Rh1 b5 38. Qd2 a5 39. Re1 Qc6 40. Qf4 b4 41. Re7 Qd5 42. axb4 cxb4 43. cxb4 axb4 44. Qxb4 Qxf3 45. Qc3 Qxg4 46. Qe3 Qc4+ 47.
Kb1 Be6 48. Qc1 Bf5+ 49. Ka1 Qxc1+ 50. Ka2 Qc4+ 0-1

[Event "Early-Titled-Tuesday-Blitz-April-23-2024"]
[Site "Chess.com"]
[Date "2024.04.23"]
[Round "8"]
[White "NigiriSushies"]
[Black "GelmanAlexander"]
[Result "0-1"]
[WhiteElo "2436"]
[BlackElo "2632"]
[TimeControl "180+1"]
[EndTime "9:32:15 PDT"]
[Termination "GelmanAlexander won by checkmate"]

1. g3 c5 2. Bg2 e6 3. Nf3 Nf6 4. O-O Be7 5. c3 O-O 6. d4 d5 7. Nbd2 Nc6 8. Re1 cxd4 9. cxd4 Qb6 10. Nb3 a5 11. a4 Bd7 12. Bf4 Ne4 13. Ne5 Nxe5 14.
dxe5 Nxf2 15. Qd4 Qxb3 16. Qxf2 Bxa4 17. e4 Bc6 18. Re3 Qb5 19. exd5 Bxd5 20. Bf1 Qb4 21. Rc3 Rfc8 22. Rac1 Rxc3 23. Rxc3 h6 24. h4 Qe4 25. Bg2 Qxg2+ 26. Qxg2 Bxg2 27. Kxg2 b5 28. Rc7 Kf8 29. Bd2 b4 30. b3 g5 31. hxg5 hxg5 32. Kf3 Rd8 33.
Ke2 Rd5 34. Be3 Rxe5 35. Kd3 Rd5+ 36. Ke4 f5+ 37. Kf3 g4+ 38. Ke2 Bd6 39. Rc6 Ke7 40. Bf2 a4 41. bxa4 Ra5 42. Rb6 Rxa4 43. Rb7+ Kf6 44.
Bd4+ e5 45. Bf2 Ra2+ 46. Kf1 Ke6 47. Rb6 Kd5 48. Rb5+ Ke4 49. Rb6 Rxf2+ 50. Ke1 Bc5 51. Re6 Rc2 52. Kd1 Rc3 53. Kd2 Rxg3 54. Ke2 Re3+ 55. Kf1 b3 56. Kg2 b2 57. Rc6 b1=Q 58. Re6 Qc2+ 59. Kf1 Qd1+ 60. Kg2 Qf3+ 61. Kh2 Re2# 0-1

[Event "Early-Titled-Tuesday-Blitz-April-23-2024"]
[Site "Chess.com"]
[Date "2024.04.23"]
[Round "8"]
[White "CSB7"]
[Black "dropstoneDP"]
[Result "0-1"]
[WhiteElo "2805"]
[BlackElo "3019"]
[TimeControl "180+1"]
[EndTime "9:32:16 PDT"]
[Termination "dropstoneDP won on time"]

1. e4 e5 2. Nf3 Nf6 3. Nxe5 d6 4.
Nf3 Nxe4 5. d4 d5 6. Bd3 Bd6 7. O-O O-O 8. c4 c6 9. Nc3 Nxc3 10.
bxc3 dxc4 11. Bxc4 Bg4 12. h3 Bh5 13. g4 Bg6 14. Ne5 b5 15. Bb3 Nd7 16. f4 Nxe5 17. fxe5 Be7 18. a4 Rc8 19. Be3 a5 20. Qf3 Kh8 21.
Rfd1 Qc7 22. Kg2 f5 23. Rf1 bxa4 24. Bxa4 c5 25. g5 f4 26. Bxf4 Bxg5 27. Qe3 cxd4 28. cxd4 Qb7+ 29. Kg1 Rxf4 30. Rxf4 Qb4 31. Raf1 h6 32.
Bd7 Rc3 33. Be6 Kh7 34. Qf2 Bxf4 35. Qxf4 Rd3 36. Bf5 Qxd4+ 37. Qxd4 Rxd4 38. Bxg6+ Kxg6 39. Re1 Kf7 40. Kf2 a4 41. Ke3 Rb4 42. Rc1 Rb7 0-1

[Event "Early-Titled-Tuesday-Blitz-April-23-2024"]
[Site "Chess.com"]
[Date "2024.04.23"]
[Round "8"]
[White "superchess02"]
[Black "Kildepiotr"]
[Result "1/2-1/2"]
[WhiteElo "2889"]
[BlackElo "2726"]
[TimeControl "180+1"]
[EndTime "9:32:16 PDT"]
[Termination "Game drawn by repetition"]

1. d4 Nf6 2. c4 e6 3. Nc3 d5 4. Bg5 Be7 5. e3 O-O 6. Nf3 h6 7. Bh4 b6 8. Qb3 Bb7 9. Bxf6 Bxf6 10. cxd5 exd5 11. Rd1 a6 12. Bd3 Qd6 13. O-O Re8 14. Rfe1 Nd7 15. a3 c5 16. Bb1 Rad8 17. dxc5 Nxc5 18.
Qc2 Qb8 19. Qh7+ Kf8 20. Nd4 g6 21. Qxh6+ Ke7 22. h3 Rh8 23. Qf4 Qxf4 24. exf4+ Kd6 25. Nf3 Rhe8 26. Rxe8 Rxe8 27. Nxd5 Bxd5 28. Ba2 Bxb2 29. Bxd5 Ke7 30. Ng5 Ne6 31. Bxe6 fxe6 32. a4 Rc8 33.
Re1 Rc1 34. Rxc1 Bxc1 35. g3 b5 36. axb5 axb5 37. Kf1 e5 38. Ke2 exf4 39. g4 Kd6 40.
Kd3 Kd5 41. Nf3 b4 42. Nd4 Bb2 43. Nb3 g5 44. Nd2 Bf6 45. Ne4 Be7 46. Nd2 Bf6 47. f3 Bd8 48. Ne4 Be7 49. Nd2 Bd8 50. Nb3 Bb6 51. Nd2 Bc5 52. Ne4 Be7 53. Nd2 Bd8 1/2-1/2

[Event "Early-Titled-Tuesday-Blitz-April-23-2024"]
[Site "Chess.com"]
[Date "2024.04.23"]
[Round "8"]
[White "KuzubovYuriy"]
[Black "ValentinDragnev"]
[Result "1-0"]
[WhiteElo "2929"]
[BlackElo "2743"]
[TimeControl "180+1"]
[EndTime "9:32:17 PDT"]
[Termination "KuzubovYuriy won on time"]

1. d4 Nf6 2. c4 e6 3. Nf3 d5 4.
Nc3 c5 5. cxd5 Nxd5 6. e4 Nxc3 7. bxc3 cxd4 8. cxd4 Bb4+ 9. Bd2 Bxd2+ 10. Qxd2 O-O 11. Bc4 Nd7 12. O-O b6 13. Rfe1 Bb7 14. a4 Nf6 15.
Bd3 h6 16. h3 Qc7 17. a5 bxa5 18. Rxa5 a6 19. g4 Rfd8 20. g5 hxg5 21. Rxg5 a5 22.
Kh1 Kf8 23. Rc5 Qb6 24. Qf4 Rxd4 25. Rb5 Rxe4 26. Rxe4 Qc6 27. Re3 Nd5 28. Rxd5 Qxd5 29. Be4 Qd1+ 30. Kg2 Bxe4 31. Rxe4 Qd7 32. Ng5 Kg8 33.
Qh4 Qb7 34. Qh7+ Kf8 35. Qh8+ Ke7 36. Qxg7 Rf8 37. Kg3 Qc7+ 38. Rf4 Ke8 39. Nxe6 Qc3+ 40. Qxc3 1-0

[Event "Early-Titled-Tuesday-Blitz-April-23-2024"]
[Site "Chess.com"]
[Date "2024.04.23"]
[Round "8"]
[White "goodluck06"]
[Black "Rakhmanov_Aleksandr"]
[Result "0-1"]
[WhiteElo "2688"]
[BlackElo "2874"]
[TimeControl "180+1"]
[EndTime "9:32:17 PDT"]
[Termination "Rakhmanov_Aleksandr won on time"]

1. e4 c5 2. Nf3 Nf6 3. e5 Nd5 4. Nc3 Nxc3 5. dxc3 Nc6 6. Bf4 Qb6 7. Rb1 Qc7 8. Bd3 e6 9. Qe2 h6 10. O-O b6 11. Bg3 Bb7 12. Nd2 d5 13. c4 Nb4 14.
cxd5 Nxd3 15. d6 Qc6 16. Nf3 Nb4 17. a3 Na6 18. b4 Nb8 19. bxc5 Qxc5 20. Rb5 Qc8 21.
Rfb1 Ba6 22. Nd4 g6 23. Qf3 Bb7 24. Qf6 Rh7 25. a4 Nd7 26. Qf4 g5 27. Qe3 Bg7 28. a5 Kf8 29. R1b3 Ba6 30. Rc3 Qe8 31. Rbb3 Rc8 32. Rc7 Kg8 33. Rbc3 Ra8 34. Nc6 Kh8 35. Nb4 Bb5 36. a6 f6 37. Qf3 fxe5 38. Qb7 Nc5 0-1

[Event "Early-Titled-Tuesday-Blitz-April-23-2024"]
[Site "Chess.com"]
[Date "2024.04.23"]
[Round "8"]
[White "MVM2008"]
[Black "Carow-Kann"]
[Result "0-1"]
[WhiteElo "2507"]
[BlackElo "2675"]
[TimeControl "180+1"]
[EndTime "9:32:17 PDT"]
[Termination "Carow-Kann won on time"]

1. e4 c6 2. d4 d5 3. Nc3 dxe4 4.
Nxe4 Nf6 5. Nxf6+ exf6 6. Bd3 Qxd4 7. Nf3 Qd8 8. Be3 Be7 9. Qe2 O-O 10. O-O-O Qc7 11.
h4 Bg4 12. Bxh7+ Kh8 13. Bd3 Nd7 14. Qd2 Nc5 15. Be2 Rfd8 16. Nd4 Ne4 17. Qe1 Bxe2 18. Qxe2 Qa5 19. Kb1 Ba3 20. Rd3 Bf8 21. Qf3 Re8 22.
Nf5 Re5 23. g4 Rae8 24. h5 Rb5 25. h6 g6 26. Nd4 Rbe5 27. Nb3 Qa6 28. Bd4 R5e6 29.
Re3 c5 30. Rxe4 Rxe4 31. Bxf6+ Kh7 32. Bg7 Re1+ 33. Nc1 Rxh1 34. Qxh1 Bxg7 35. hxg7+ Kxg7 36. g5 Qe6 37. Qxb7 Qf5 38. Qc6 Re1 39. f4 Rf1 40.
Qg2 Qxf4 0-1

[Event "Early-Titled-Tuesday-Blitz-April-23-2024"]
[Site "Chess.com"]
[Date "2024.04.23"]
[Round "8"]
[White "Unkreativ3"]
[Black "kai_nov"]
[Result "1-0"]
[WhiteElo "2580"]
[BlackElo "2262"]
[TimeControl "180+1"]
[EndTime "9:32:17 PDT"]
[Termination "Unkreativ3 won by checkmate"]

1. e4 c5 2. Nf3 Nc6 3. c3 e5 4. Bc4 Be7 5. O-O Nf6 6. d4 cxd4 7. cxd4 exd4 8. e5 Ng4 9. Bf4 Qb6 10. h3 Qxb2 11. Nbd2 Nh6 12. Bxh6 gxh6 13. Rb1 Qc3 14. Rb3 Qa5 15. Rb5 Qc3 16. Rb3 Qa5 17. Re1 Bb4 18. Re4 Bxd2 19. Nxd2 b6 20. Bxf7+ Kxf7 21. Qh5+ Ke7 22. Qh4+ Ke8 23. Nc4 d5 24. exd6+ Kd7 25.
Nxa5 Nxa5 26. Qe7+ Kc6 27. Qc7+ Kd5 28. Rb5+ Kxe4 29. Qe7+ Kd3 30. d7 Ba6 31. Rd5 Bc4 32. d8=Q Bxd5 33. Qxd5 Rac8 34. Qee4+ Kd2 35. Qdxd4+ Kc1 36. Qe1+ Kc2 37. Qed1# 1-0

[Event "Early-Titled-Tuesday-Blitz-April-23-2024"]
[Site "Chess.com"]
[Date "2024.04.23"]
[Round "8"]
[White "Bilan_Danila"]
[Black "Korchmar_Vasiliy"]
[Result "0-1"]
[WhiteElo "2547"]
[BlackElo "2709"]
[TimeControl "180+1"]
[EndTime "9:32:18 PDT"]
[Termination "Korchmar_Vasiliy won by resignation"]

1. d4 Nf6 2. Nf3 g6 3. Bg5 c5 4. c3 Bg7 5. e3 O-O 6. Nbd2 cxd4 7. exd4 d6 8. Bc4 Nc6 9. O-O h6 10. Bh4 g5 11. Bg3 Nh5 12. Re1 Bf5 13. Nf1 Bg6 14.
Ne3 Nxg3 15. hxg3 e5 16. dxe5 dxe5 17. g4 e4 18. Nh2 Ne5 19. Bd5 Nd3 20. Re2 Qb6 21. Qb3 Qc5 22. Nhf1 Be5 23. Nf5 Bxf5 24. gxf5 Nf4 25. Rxe4 Bc7 26. Ne3 Bb6 27. g3 Nxd5 28.
Qxd5 Rad8 29. Qxc5 Bxc5 30. Rd1 b5 31. Nd5 Kg7 32.
b3 Rd6 33. c4 bxc4 34. bxc4 Rfd8 35. Kg2 Ra6 36. Rd2 Ra4 37. f6+ Kh7 38. Ne7 Rxd2 39. Nf5 Rxf2+ 40. Kh3 Rxf5 0-1

[Event "Early-Titled-Tuesday-Blitz-April-23-2024"]
[Site "Chess.com"]
[Date "2024.04.23"]
[Round "8"]
[White "sokidze"]
[Black "Evan_Attaker"]
[Result "1-0"]
[WhiteElo "2804"]
[BlackElo "2582"]
[TimeControl "180+1"]
[EndTime "9:32:20 PDT"]
[Termination "sokidze won by checkmate"]

1. d4 c5 2. d5 d6 3. e4 g6 4. h3 Bg7 5. Nf3 Nf6 6. Nc3 O-O 7. Bd3 Na6 8. a3 Nc7 9. a4 a6 10. O-O Bd7 11. a5 Nb5 12. Re1 Rc8 13. Bd2 c4 14. Bf1 e6 15. dxe6 Bxe6 16. Nxb5 axb5 17. Bb4 Re8 18. Qxd6 Nh5 19. c3 Qf6 20. Nd4 Qg5 21. Nf3 Qf6 22. e5 Qf4 23. Qd4 Red8 24. Bd6 Qh6 25. Qh4 Bf8 26. Bxf8 Qxf8 27. Nd4 Rd5 28. a6 bxa6 29. Rxa6 Ng7 30. Qf6 b4 31. Rea1 bxc3 32. bxc3 Rcd8 33. Nxe6 fxe6 34. Bxc4 Rc5 35. Bxe6+ Nxe6 36. Qxe6+ Qf7 37. Qxf7+ Kxf7 38. Ra7+ Kg8 39. Re7 Rxc3 40.
Raa7 Rc5 41. Rg7+ Kf8 42. Rxh7 Kg8 43. Rag7+ Kf8 44. e6 Rd1+ 45. Kh2 Re1 46. e7+ Ke8 47. Rg8+ Kd7 48. e8=Q+ Kd6 49. Rxg6+ Re6 50. Qxe6# 1-0